[Event "Live Chess"]
[Site "Chess.com"]
[Date "2024.06.01"]
[Round "-"]
[White "jimwad"]
[Black "TigerTank70"]
[Result "0-1"]
[WhiteElo "1241"]
[BlackElo "2197"]
[TimeControl "300"]
[EndTime "10:46:24 PDT"]
[Termination "TigerTank70 won by resignation"]

1. d4 d5 2. c4 e5 3. dxe5 d4 4. e3 Bb4+ 5. Bd2 dxe3 6. fxe3 Qh4+ 7. g3 Qe7 8. Bxb4 Qxb4+ 9. Qd2 Nc6 10. a3 Qe7 11.
Nf3 Bg4 12. Bg2 Nxe5 13. O-O Bxf3 14. Bxf3 Nxf3+ 15. Rxf3 Nf6 16. Nc3 O-O 17. b3 c6 18.
Rd1 Rad8 19. Qe2 Rxd1+ 20. Qxd1 Qe5 21. Ne2 Qb2 22. a4 h6 23. Rf2 Qe5 24. Qd4 Re8 25. Qxe5 Rxe5 26. Rf3 Ne4 27. Nf4 Nd2 28. Rf2 Nxb3 29. Re2 Nc5 30. a5 Ne6 31. Nxe6 Rxe6 32. Kf2 Re4 33. Kf3 Rxc4 34. e4 b5 35. axb6 axb6 36. Rd2 Kf8 37. h4 b5 38. g4 b4 39.
Rb2 Ke7 40. Ke3 c5 41. Kd3 Rd4+ 42. Ke3 Kd6 43. Rb3 Ke5 44. h5 Rxe4+ 45. Kf3 Rc4 0-1

[Event "Live Chess"]
[Site "Chess.com"]
[Date "2024.06.01"]
[Round "-"]
[White "Crowded_House"]
[Black "halfberg"]
[Result "1-0"]
[WhiteElo "1767"]
[BlackElo "1895"]
[TimeControl "300"]
[EndTime "10:46:39 PDT"]
[Termination "Crowded_House won on time"]

1. d4 Nf6 2. Bg5 Ne4 3. Bh4 c5 4. Nd2 Nxd2 5. Qxd2 cxd4 6. Qxd4 Nc6 7. Qd2 g6 8. c3 Bg7 9. e3 O-O 10. Bd3 d5 11. Nf3 Qa5 12. O-O e5 13. Bc2 Be6 14. Ng5 Qc7 15. Bb3 h6 16. Nf3 g5 17.
Bg3 Rad8 18. Qc2 Qd7 19. Rfd1 Bf5 20. Qc1 Qe6 21. Bc2 Bxc2 22. Qxc2 f5 23. h3 f4 24.
exf4 exf4 25. Bh2 d4 26. cxd4 Nxd4 27. Nxd4 Bxd4 28. Re1 Qf6 29. Rab1 Rfe8 30. b3 Kg7 31. Rxe8 Rxe8 32. Qc4 Qb6 33. Rf1 Bxf2+ 34. Kh1 Bd4 35. Qd5 Re7 36. Rd1 Bf6 37. Bg1 Qc6 38. Qxc6 bxc6 39.
Bc5 Re2 40. a3 Rb2 41. b4 Ra2 42. Rd7+ Kg6 43. Rxa7 Bb2 44. Ra6 Bxa3 45. Rxc6+ Kf5 46. b5 Bxc5 47. Rxc5+ Ke4 48. b6 Rb2 49. Rc6 f3 50.
gxf3+ Kxf3 51. Rc3+ 1-0

[Event "Live Chess"]
[Site "Chess.com"]
[Date "2024.06.01"]
[Round "-"]
[White "Rusty_Bridges"]
[Black "SavagePawn7"]
[Result "1-0"]
[WhiteElo "1497"]
[BlackElo "684"]
[TimeControl "300"]
[EndTime "10:46:40 PDT"]
[Termination "Rusty_Bridges won by checkmate"]

1. e4 d5 2. exd5 Nf6 3. Nc3 Nxd5 4. Nxd5 Qxd5 5. Nf3 Nc6 6. d4 Nb4 7. c3 Qe4+ 8. Be2 Nc2+ 9. Kf1 Nxa1 10. Nd2 Qd5 11. Bc4 Qa5 12. Qf3 e6 13. d5 Nc2 14. dxe6 Bxe6 15.
Qxb7 Rd8 16. Bxe6 Qe5 17. Qc6+ Rd7 18. Qxd7# 1-0

[Event "Live Chess"]
[Site "Chess.com"]
[Date "2024.06.01"]
[Round "-"]
[White "defenderalist"]
[Black "KGreenGator"]
[Result "0-1"]
[WhiteElo "1506"]
[BlackElo "1771"]
[TimeControl "300"]
[EndTime "10:46:42 PDT"]
[Termination "KGreenGator won by resignation"]

1. e4 c5 2. f4 Nc6 3. Nf3 e6 4. Bc4 d5 5. exd5 exd5 6. Bb5 Bd7 7. O-O Nf6 8. d4 c4 9. Re1+ Be7 10. Qe2 a6 11. Bxc6 Bxc6 12. Ne5 Rc8 13. b3 cxb3 14. axb3 Bb5 15. c4 dxc4 16. bxc4 Qxd4+ 17. Kh1 Qxa1 18. Ba3 Bxa3 19. Ng6+ Kd8 20. Nxa3 Qxa3 21. cxb5 hxg6 22. Qd2+ Nd7 23. bxa6 Qg3 24. h3 Qb3 25. axb7 Qxb7 26.
Qa5+ Rc7 27. Qg5+ Nf6 28. f5 Rxh3+ 29. Kg1 Qb6+ 30. Kf1 Rh1+ 0-1

[Event "Live Chess"]
[Site "Chess.com"]
[Date "2024.06.01"]
[Round "-"]
[White "gmnorfolk"]
[Black "NeilDruggan73"]
[Result "1/2-1/2"]
[WhiteElo "2129"]
[BlackElo "1745"]
[TimeControl "300"]
[EndTime "10:46:54 PDT"]
[Termination "Game drawn by repetition"]

1. c4 Nf6 2. Nc3 g6 3. e4 d6 4. d4 Bg7 5. Be2 O-O 6. Nf3 Nc6 7. d5 Nb8 8. O-O e5 9. b4 Nh5 10. Re1 a5 11. bxa5 Rxa5 12. a4 f5 13. Ng5 Nf4 14.
Bf1 Qxg5 15. g3 Na6 16. h4 Qh6 17. gxf4 exf4 18. Bd2 Qxh4 19. Qf3 fxe4 20. Nxe4 Bxa1 21. Rxa1 Rc5 22. Nxc5 Nxc5 23. Bc3 Bf5 24. Re1 Bg4 25. Qg2 f3 26. Qh2 Qg5 27. Qg3 Nxa4 28. Bd4 Nc5 29.
Bh3 h5 30. Bxg4 Qxg4 31. Qxg4 hxg4 32. Re7 Rf7 33. Re8+ Rf8 34. Re7 Rf7 35. Re8+ Rf8 36. Re7 1/2-1/2

[Event "Live Chess"]
[Site "Chess.com"]
[Date "2024.06.01"]
[Round "-"]
[White "rakibsachchu"]
[Black "sshamil"]
[Result "0-1"]
[WhiteElo "1550"]
[BlackElo "1678"]
[TimeControl "300"]
[EndTime "10:47:03 PDT"]
[Termination "sshamil won on time"]

1. e4 Nc6 2. d4 d5 3. e5 Bf5 4.
g4 Bd7 5. Bg2 e6 6. f4 Be7 7.
Nf3 f6 8. O-O Nh6 9. g5 fxg5 10.
fxg5 Nf5 11. Bf4 O-O 12. Qd2 a6 13. h4 Na7 14. Bh3 c5 15. c3 cxd4 16. cxd4 Qb6 17.
Nc3 Nb5 18. Nxb5 Bxb5 19. Rfc1 Rac8 20. Rc3 g6 21. h5 Rxc3 22. bxc3 Qc7 23. hxg6 hxg6 24.
Nh2 Kg7 25. Bxf5 gxf5 26. Kg2 Rh8 27. Qe3 Qc4 28. a4 Qe2+ 29. Qxe2 Bxe2 30. Rb1 b5 31. axb5 Bxb5 32. Nf3 Kg6 33. Kg3 Rh5 34. Rg1 Bc4 35. Nh4+ Kg7 36. Nf3 a5 37. Rg2 a4 38. Bc1 a3 39. Bd2 a2 40. Rg1 Bd3 0-1

[Event "Live Chess"]
[Site "Chess.com"]
[Date "2024.06.01"]
[Round "-"]
[White "TedUdale"]
[Black "Sokolik_UA"]
[Result "1-0"]
[WhiteElo "2147"]
[BlackElo "797"]
[TimeControl "300"]
[EndTime "10:47:06 PDT"]
[Termination "TedUdale won by checkmate"]

1. e4 e6 2. Nc3 d5 3. exd5 exd5 4. d4 Nf6 5. Nf3 Bb4 6. Bg5 Bf5 7. Bxf6 Qxf6 8.
Bd3 Nd7 9. O-O O-O 10. Nxd5 Qd6 11. Nxb4 Qxb4 12. Bxf5 Nf6 13. c3 Qd6 14. Re1 Qf4 15.
Qd3 h6 16. Re7 Rfe8 17. Rae1 Rxe7 18. Rxe7 Re8 19. Rxe8+ Nxe8 20. g3 Qc1+ 21. Kg2 Qxb2 22. Qe3 Kf8 23. d5 Qxa2 24. Qc5+ Nd6 25. Qxc7 Qxd5 26.
Qd8+ Ne8 27. Qxd5 Nf6 28. Qd8+ Ne8 29. Bd7 Kg8 30. Qxe8+ Kh7 31. Bf5+ g6 32. Qxf7+ Kh8 33. Bxg6 b5 34. Qh7# 1-0

[Event "Live Chess"]
[Site "Chess.com"]
[Date "2024.06.01"]
[Round "-"]
[White "Stanbad1"]
[Black "Richardallis"]
[Result "1-0"]
[WhiteElo "2678"]
[BlackElo "1974"]
[TimeControl "300"]
[EndTime "10:47:07 PDT"]
[Termination "Stanbad1 won by resignation"]

1. d4 c5 2. d5 d6 3. Nc3 e5 4. e4 a6 5. a4 Nf6 6. f4 Nbd7 7.
Nf3 Be7 8. fxe5 Nxe5 9. Nxe5 dxe5 10. Be2 O-O 11. O-O Bd6 12. Be3 h6 13. Qe1 Nh7 14.
Qf2 f5 15. Bxc5 fxe4 16. Qe3 Nf6 17. Rad1 Qc7 18. Bxd6 Qxd6 19. Nxe4 Nxe4 20. Qxe4 Bd7 21.
Bf3 Rf4 22. Qe3 Raf8 23. Rfe1 e4 24. Bxe4 Re8 25. Qd3 Kh8 26. Bf3 Ref8 27. Qe3 Bg4 28. Bxg4 Rxg4 29. Qe6 Qc5+ 30. Kh1 Qxc2 31. Qxg4 1-0

[Event "Live Chess"]
[Site "Chess.com"]
[Date "2024.06.01"]
[Round "-"]
[White "Golden_Plans"]
[Black "Tatarinov_Maxim"]
[Result "1-0"]
[WhiteElo "2259"]
[BlackElo "2279"]
[TimeControl "300"]
[EndTime "10:47:12 PDT"]
[Termination "Golden_Plans won by resignation"]

1. e4 c5 2. Nf3 Nc6 3. Nc3 d6 4.
d4 cxd4 5. Nxd4 Nf6 6. Bg5 Qa5 7. Bxf6 gxf6 8. Bb5 Bd7 9. Qd2 Rc8 10. O-O-O Qb4 11.
a3 Qxd4 12. Qxd4 Nxd4 13. Bxd7+ Kxd7 14. Rxd4 Bh6+ 15. Kb1 Rhg8 16. g3 Rg5 17. Rhd1 Rgc5 18. h4 Bg7 19. f4 Ke8 20. Nd5 f5 21. Rb4 b6 22. c3 fxe4 23. Rxe4 e6 24. Nb4 Ke7 25.
Nd3 Rc4 26. Rde1 Rxe4 27. Rxe4 d5 28. Re1 d4 29. cxd4 Bxd4 30. f5 Rg8 31. fxe6 fxe6 32.
Re4 Bf6 33. Nf4 Rxg3 34. Rxe6+ Kf7 35. Rxf6+ Kxf6 36. Nh5+ Kf5 37. Nxg3+ Kg4 38. Ne4 Kxh4 39. Nf6 h5 40. Kc2 Kg5 41. Nxh5 Kxh5 42. Kc3 Kg5 43. Kc4 Kf5 44. Kb5 Ke4 45. Ka6 Kd3 46. Kxa7 Kc2 47. Kxb6 Kxb2 48. a4 Kb3 49. a5 1-0

[Event "Live Chess"]
[Site "Chess.com"]
[Date "2024.06.01"]
[Round "-"]
[White "grillage"]
[Black "educatedlad"]
[Result "1-0"]
[WhiteElo "1893"]
[BlackElo "1759"]
[TimeControl "300"]
[EndTime "10:47:30 PDT"]
[Termination "grillage won by resignation"]

1. d4 d5 2. Nf3 Nf6 3. c4 g6 4.
cxd5 Nxd5 5. e4 Nb6 6. Nc3 Bg7 7. Be3 Nc6 8. Qd2 O-O 9. d5 Ne5 10. Nxe5 Bxe5 11. f4 Bh8 12. Be2 e6 13. dxe6 Bxe6 14. O-O Bc4 15. Rad1 Bxe2 16. Qxe2 Qe7 17. e5 Rad8 18. Ne4 Nd5 19. Bc5 Qe6 20. Bxf8 Kxf8 21.
Ng5 Qb6+ 22. Kh1 Ke7 23. Rd3 h6 24. Ne4 g5 25. fxg5 hxg5 26. Qd2 Bxe5 27. Rxd5 Qa6 28.
Rd1 Bd6 29. Nxd6 cxd6 30. Qxg5+ Ke8 31. Re1+ Kd7 32. Qe7+ Kc6 33. Qxd8 Kxd5 34. Rd1+ Ke6 35. Qe8+ Kf6 36. Qd7 Qe2 37. Qxd6+ Kg7 38. Qd4+ Kf8 39.
Qd2 Qc4 40. h3 Qxa2 41. Qd6+ 1-0

[Event "Live Chess"]
[Site "Chess.com"]
[Date "2024.06.01"]
[Round "-"]
[White "NottheBishopSacrifice"]
[Black "ossie57"]
[Result "1-0"]
[WhiteElo "2221"]
[BlackElo "1632"]
[TimeControl "300"]
[EndTime "10:47:38 PDT"]
[Termination "NottheBishopSacrifice won by resignation"]

1. Nf3 Nf6 2. g3 g6 3. Bg2 Bg7 4. O-O O-O 5. d4 d5 6. c4 c6 7. Nc3 Re8 8. cxd5 cxd5 9. Bf4 Nc6 10. Ne5 Nxe5 11. Bxe5 Be6 12. Qb3 Ne4 13. Bxg7 Kxg7 14. Nxe4 dxe4 15. Qxb7 Bd5 16. Qa6 Qb6 17. Qxb6 axb6 18. a3 Rec8 19. Rfc1 f5 20. e3 Bb3 21. Bf1 Kf7 22. Bb5 e6 23. Bd7 Rxc1+ 24. Rxc1 Ke7 25. Bb5 h5 26. Rc7+ Kf6 27. h4 Bd1 28. Kf1 Bf3 29.
Ke1 Ra5 30. a4 Ra8 31. Kd2 Rd8 32.
Rd7 Rc8 33. Rd6 Ke7 34. Rxb6 1-0

[Event "Live Chess"]
[Site "Chess.com"]
[Date "2024.06.01"]
[Round "-"]
[White "GoldsmanB"]
[Black "RomanKifliuk"]
[Result "0-1"]
[WhiteElo "1045"]
[BlackElo "2354"]
[TimeControl "300"]
[EndTime "10:47:38 PDT"]
[Termination "RomanKifliuk won by resignation"]

1. d4 c5 2. d5 e5 3. dxe6 fxe6 4. e4 Nc6 5. Nf3 d6 6. Bb5 e5 7. Nc3 Nf6 8. O-O Be7 9. Bg5 O-O 10. Bxf6 Bxf6 11. Nd5 Bg4 12. Nxf6+ Rxf6 13. Qd3 Bxf3 14. gxf3 Nd4 15. Kh1 Rxf3 16. Qc4+ Kh8 17. Qd5 Qh4 18. Qxb7 Rg8 19. Bc4 Rh3 0-1

[Event "Live Chess"]
[Site "Chess.com"]
[Date "2024.06.01"]
[Round "-"]
[White "OliWally08"]
[Black "IanCalvert2"]
[Result "1/2-1/2"]
[WhiteElo "1268"]
[BlackElo "1469"]
[TimeControl "300"]
[EndTime "10:47:46 PDT"]
[Termination "Game drawn - timeout vs insufficient material"]

1. e4 d5 2. e5 c5 3. d4 Nc6 4. c3 cxd4 5. cxd4 Qb6 6. Nf3 Bg4 7.
Be3 Qxb2 8. Nbd2 e6 9. Be2 Bb4 10. O-O Bxd2 11. Bxd2 Bxf3 12. Bxf3 Qxd4 13. Qe2 Nge7 14.
Be3 Qxe5 15. Rab1 d4 16. Rxb7 dxe3 17. Rxe7+ Kxe7 18. Bxc6 Rac8 19. Bb7 Rc7 20. Ba6 exf2+ 21. Qxf2 Qc5 22. Qxc5+ Rxc5 23. h3 Ra5 24. Bc4 Rc8 25. Bb3 Rac5 26. Kh2 Rc1 27. Rf3 R8c3 28. Rf2 a5 29.
Rd2 Rb1 30. Rf2 Rbxb3 31. axb3 Rxb3 32. Ra2 Rb5 33. Ra4 Kd6 34. Kg3 Kc5 35. Kf4 Kb6 36. Ke4 Rb4+ 37. Rxb4+ axb4 38. Kd4 Ka5 39. Kc4 Ka4 40.
Kd3 Ka3 41. Kc2 Ka2 42. g4 b3+ 43. Kc3 b2 44. g5 b1=Q 45. g6 Qb2+ 46. Kc4 hxg6 47. h4 Qh2 48. h5 Qxh5 49. Kc3 Qd5 50. Kc2 g5 51. Kc3 g4 52. Kb4 g3 53. Kc3 g2 54.
Kc2 g1=Q 55. Kc3 Qgd4+ 56. Kc2 1/2-1/2

[Event "Live Chess"]
[Site "Chess.com"]
[Date "2024.06.01"]
[Round "-"]
[White "Ocelot32"]
[Black "Yarigo"]
[Result "0-1"]
[WhiteElo "1386"]
[BlackElo "2383"]
[TimeControl "300"]
[EndTime "10:47:50 PDT"]
[Termination "Yarigo won by resignation"]

1. e4 c6 2. d4 d5 3. Nc3 dxe4 4. Nxe4 Bf5 5. Ng3 Bg6 6. c3 e6 7. Nf3 Nd7 8. Bd3 Ngf6 9. Bf4 Qb6 10. Rb1 Be7 11. Ne5 Nxe5 12. Bxe5 Nd7 13. Bxg7 Rg8 14.
Bh6 O-O-O 15. Bf4 e5 16. dxe5 Nxe5 17. Bxe5 Bxd3 18. Qg4+ Rxg4 0-1

[Event "Live Chess"]
[Site "Chess.com"]
[Date "2024.06.01"]
[Round "-"]
[White "ZatixMajor"]
[Black "ACM42"]
[Result "1-0"]
[WhiteElo "2013"]
[BlackElo "2200"]
[TimeControl "300"]
[EndTime "10:47:51 PDT"]
[Termination "ZatixMajor won by checkmate"]

1. c4 Nf6 2. g3 g6 3. Bg2 Bg7 4. Nc3 O-O 5. e4 d6 6. Nge2 c5 7. O-O Nc6 8. d3 a6 9. Be3 Rb8 10. a4 a5 11. Qd2 e5 12. f4 Nd4 13. fxe5 dxe5 14. Bg5 Nb3 15. Qe1 Nxa1 16. Nd5 Nc2 17. Qd2 Nxd5 18. Bxd8 Rxd8 19. cxd5 Nb4 20. Qg5 Bd7 21.
Qe3 b6 22. Qf3 Rf8 23. Nc3 Nc2 24. Nb5 h5 25. Rc1 Nd4 26. Nxd4 exd4 27. Re1 Rbe8 28. Qd1 Re5 29. Qb3 Rb8 30. Qc4 Bh6 31. Qa6 Bxa4 32.
Qa7 Ree8 33. e5 c4 34. e6 fxe6 35. dxe6 cxd3 36. Qf7+ Kh8 37. Qxg6 Bg7 38. Be4 Kg8 39. Qf7+ Kh8 40. Qxh5+ Kg8 41. Rf1 Rxe6 42. Qh7# 1-0

[Event "Live Chess"]
[Site "Chess.com"]
[Date "2024.06.01"]
[Round "-"]
[White "FlyingChessKestrel13"]
[Black "Brooms1989"]
[Result "1-0"]
[WhiteElo "2109"]
[BlackElo "1058"]
[TimeControl "300"]
[EndTime "10:47:52 PDT"]
[Termination "FlyingChessKestrel13 won by resignation"]

1. e4 e5 2. Nf3 Nc6 3. Bb5 a6 4. Ba4 Nf6 5. O-O Nxe4 6. Re1 Nc5 7. Bxc6 dxc6 8. Nxe5 Ne6 9. c3 Bd6 10. d4 O-O 11. Nd2 Bxe5 12. dxe5 Qg5 13. Nf3 Qg6 14. Be3 Rd8 15. Qe2 Bd7 16. Rad1 Be8 17. Nd4 Nxd4 18.
cxd4 Bd7 19. Rd2 Bh3 20. f4 Bg4 21. Qf2 Re8 22. Rf1 Be6 23. f5 1-0

[Event "Live Chess"]
[Site "Chess.com"]
[Date "2024.06.01"]
[Round "-"]
[White "McFim"]
[Black "Enhard"]
[Result "0-1"]
[WhiteElo "1574"]
[BlackElo "1434"]
[TimeControl "300"]
[EndTime "10:47:53 PDT"]
[Termination "Enhard won on time"]

1. e4 c6 2. d4 d5 3. exd5 cxd5 4.
Bd3 Nf6 5. c3 Bg4 6. Nf3 a6 7.
a4 e6 8. O-O Be7 9. Bf4 Nc6 10.
Nbd2 O-O 11. Qe1 Bxf3 12. Nxf3 Bd6 13. Bxd6 Qxd6 14. Ne5 Qd8 15. Qe3 h6 16. Rfe1 Rc8 17. Rad1 Na5 18. Bc2 Nc4 19. Nxc4 Rxc4 20. Qd3 Rc7 21.
Re3 g6 22. Rh3 Kg7 23. Qd2 h5 24. Qf4 Ng4 25. f3 Qf6 26. Qd2 Nh6 27. g4 hxg4 28. fxg4 g5 29. Rh5 Rg8 30. Rf1 Qe7 31. Rxg5+ Kf8 32.
Rxg8+ Nxg8 33. Bh7 f6 34. Bxg8 Kxg8 35. Qf4 Qg7 36. h3 f5 37. g5 Qg6 38. h4 Rh7 39.
Kf2 Re7 40. Rh1 Qh5 41. Qf3 Rh7 42. Qxh5 Rxh5 43. Kf3 Kg7 44. Kf4 Kg6 45. Ke5 Kf7 46. a5 Rh7 47. h5 Rh8 48. g6+ Kg7 49. Kxe6 f4 50. Kf5 f3 51. Kg5 f2 52. Rf1 Rf8 53. h6+ Kg8 54. b3 Rf3 55. c4 Rg3+ 56. Kf5 Rf3+ 57. Kg4 Rf6 58. Kg5 Rf3 59. cxd5 Rg3+ 60.
Kf6 Rf3+ 61. Ke5 Re3+ 62. Kf4 Rxb3 63. Rxf2 Rb4 64. Ke4 Rb5 65. Rf7 Rxa5 0-1

[Event "Live Chess"]
[Site "Chess.com"]
[Date "2024.06.01"]
[Round "-"]
[White "lateforthesky"]
[Black "updatedopenings2024"]
[Result "0-1"]
[WhiteElo "2153"]
[BlackElo "1880"]
[TimeControl "300"]
[EndTime "10:47:54 PDT"]
[Termination "updatedopenings2024 won by resignation"]

1. e4 d5 2. exd5 Qxd5 3. Nc3 Qa5 4. b4 Qe5+ 5. Be2 Nf6 6. Nf3 Qf5 7. O-O Nc6 8. Nb5 Qd7 9. Rb1 a6 10. Na3 e5 11. Re1 Bd6 12. d3 O-O 13. Nc4 Re8 14.
Nxd6 Qxd6 15. Bg5 Bg4 16. h3 Bh5 17. a4 Nxb4 18. Qd2 a5 19. c3 Nbd5 20. Rxb7 h6 21.
Bh4 e4 22. dxe4 Nxe4 23. Qd4 Ndxc3 24. Qxd6 Nxd6 25. Rxc7 Nxe2+ 26. Rxe2 Rxe2 27. g4 Bg6 28. Nd4 Re1+ 29. Kg2 Rd1 30. Nc6 Rc1 31. Ne7+ Kh7 32. Rxc1 Be4+ 33. f3 Bg6 34. Nxg6 fxg6 35. Bg3 Ne8 36.
Rc5 Nf6 37. Be1 Re8 38. Bxa5 Re2+ 39. Kf1 Ra2 40. Rc4 Nd5 41. Rd4 Ne3+ 42. Kg1 Rg2+ 43. Kh1 Ra2 44. Bd2 Nf1 45. Bc3 Ng3+ 46. Kg1 Ne2+ 47.
Kf1 Nxc3 48. h4 Ne2 49. Rc4 Ng3+ 50. Kg1 g5 51. h5 Ne2+ 52. Kf1 Nf4 0-1

[Event "Live Chess"]
[Site "Chess.com"]
[Date "2024.06.01"]
[Round "-"]
[White "nitrofish07"]
[Black "bill77678"]
[Result "0-1"]
[WhiteElo "2117"]
[BlackElo "1837"]
[TimeControl "300"]
[EndTime "10:48:02 PDT"]
[Termination "bill77678 won by resignation"]

1. e4 c6 2. d4 d5 3. e5 c5 4. dxc5 e6 5. b4 a5 6. c3 axb4 7. cxb4 Nc6 8. Bb5 Bd7 9. Bxc6 Bxc6 10. Ne2 b6 11. Be3 bxc5 12. Bxc5 Bxc5 13. bxc5 Qa5+ 14.
Nd2 Qxc5 15. O-O Ne7 16. Nb3 Qa3 17. Ned4 O-O 18. Qc2 Rfc8 19. Rfc1 Ba4 20. Qd2 Bxb3 21.
Nxb3 Rxc1+ 22. Rxc1 Rc8 23. Rxc8+ Nxc8 24. Qc2 Qa6 25.
h3 g6 26. Nc5 Qc6 27. a4 Nb6 28. a5 Nc4 29. Nb3 Nxa5 30. Qa2 Nxb3 31. Qxb3 Qc1+ 32. Kh2 Qf4+ 33. g3 Qxe5 34. Kg2 Qe4+ 35. Kg1 d4 36. Qb8+ Kg7 37. h4 d3 38. Qd8 e5 39. h5 Qd4 40.
Qxd4 exd4 41. hxg6 Kxg6 42. Kf1 Kg5 43. f3 h5 44. Ke1 f5 45. Kd2 f4 0-1

[Event "Live Chess"]
[Site "Chess.com"]
[Date "2024.06.01"]
[Round "-"]
[White "viktorskliarov"]
[Black "RuslanChessN"]
[Result "1-0"]
[WhiteElo "2643"]
[BlackElo "1944"]
[TimeControl "300"]
[EndTime "10:48:21 PDT"]
[Termination "viktorskliarov won by resignation"]

1. e4 c6 2. d4 d5 3. e5 Bf5 4. Nf3 e6 5. Be2 c5 6. Be3 Nc6 7. Nc3 Qb6 8. O-O Qxb2 9. Qe1 cxd4 10. Bxd4 Qxc2 11. Rc1 Qb2 12. Nxd5 Nxd4 13. Nc7+ Kd7 14. Nxd4 1-0

[Event "Live Chess"]
[Site "Chess.com"]
[Date "2024.06.01"]
[Round "-"]
[White "Zhevzh1k7"]
[Black "Mangoalo"]
[Result "0-1"]
[WhiteElo "1074"]
[BlackElo "1013"]
[TimeControl "300"]
[EndTime "10:48:23 PDT"]
[Termination "Mangoalo won by checkmate"]

1. e4 d5 2. exd5 Nf6 3. Nf3 c6 4. dxc6 Nxc6 5. Nc3 Bg4 6. Be2 e6 7. h3 Bxf3 8. Bxf3 Bb4 9. a3 Bxc3 10. dxc3 Qxd1+ 11.
Bxd1 O-O-O 12. O-O Rd7 13. Bf3 Rhd8 14. Bxc6 bxc6 15.
Be3 Nd5 16. Bxa7 Kb7 17. Bd4 g6 18. a4 f5 19. a5 Ka6 20. c4 Nb4 21. Bb6 Rb8 22.
c3 Nd3 23. Rfd1 Rbb7 24. c5 Nxb2 25. Rxd7 Rxd7 26. Rb1 Na4 27. c4 Rb7 28. f4 Nxc5 29. Kf2 Na4 30. c5 Nxc5 31. Ke3 Na4 32. Kd4 Nxb6 33.
axb6 Rxb6 34. Ra1+ Kb7 35. Ke5 c5 36. Kf6 c4 37. Kg7 c3 38. Kxh7 c2 39. Rc1 Rc6 40.
Kxg6 e5+ 41. Kxf5 e4 42. Kxe4 Kc7 43. g4 Kd7 44. f5 Ke7 45. Kf4 Kf6 46. g5+ Kg7 47. h4 Kg8 48. Kg4 Rc4+ 49. Kh5 Kg7 50. f6+ Kf7 51. Kh6 Rxh4# 0-1

[Event "Live Chess"]
[Site "Chess.com"]
[Date "2024.06.01"]
[Round "-"]
[White "MellowAesthetic"]
[Black "TC2304"]
[Result "0-1"]
[WhiteElo "2052"]
[BlackElo "2336"]
[TimeControl "300"]
[EndTime "10:48:24 PDT"]
[Termination "TC2304 won on time"]

1. e4 Nc6 2. Nf3 d6 3. d4 Nf6 4. Nc3 Bg4 5. Bb5 a6 6. Bxc6+ bxc6 7. h3 Bxf3 8. Qxf3 d5 9. e5 Nd7 10. O-O e6 11. Ne2 c5 12. c3 cxd4 13. cxd4 c5 14. Qg3 g6 15. Bg5 Be7 16. f4 cxd4 17. Bxe7 Qxe7 18.
Nxd4 O-O 19. f5 Qc5 20. Rad1 exf5 21. Rxf5 Rae8 22. Kh1 Kh8 23. e6 fxe6 24. Rxf8+ Qxf8 25.
Qc7 Qg7 26. Rf1 Ne5 0-1

[Event "Live Chess"]
[Site "Chess.com"]
[Date "2024.06.01"]
[Round "-"]
[White "ShanthamGrarks"]
[Black "PureDashingOctopus"]
[Result "0-1"]
[WhiteElo "1912"]
[BlackElo "2237"]
[TimeControl "300"]
[EndTime "10:48:25 PDT"]
[Termination "PureDashingOctopus won by resignation"]

1. d4 Nf6 2. Nc3 d5 3. Bf4 e6 4. e3 Bd6 5. Nf3 O-O 6. Bd3 Qe7 7. Ne5 Nbd7 8. g4 c5 9. g5 Ne8 10. h4 cxd4 11. exd4 f6 12. Nxd7 Bxd7 13. Bxd6 Qxd6 14. g6 h6 15. h5 Nc7 16. Qd2 e5 17. O-O-O e4 18.
Be2 f5 19. f4 Ne6 20. Rhf1 a6 21. a3 b5 22. Na2 a5 23. Kb1 Rfb8 24. Rf2 b4 25. a4 Bxa4 26. b3 Bd7 27. Bf1 a4 28. Bh3 Nc7 29. Qe2 axb3 30. cxb3 Nb5 31. Rc1 Rxa2 32.
Qxa2 Nc3+ 33. Rxc3 bxc3 34. Kc2 Qb4 35. Bf1 Qxd4 36.
Re2 Bb5 37. Re1 Qd2+ 0-1

[Event "Live Chess"]
[Site "Chess.com"]
[Date "2024.06.01"]
[Round "-"]
[White "Queensandpawns"]
[Black "Ninifu"]
[Result "1-0"]
[WhiteElo "2454"]
[BlackElo "2029"]
[TimeControl "300"]
[EndTime "10:48:25 PDT"]
[Termination "Queensandpawns won by resignation"]

1. e4 d5 2. Nc3 Nf6 3. e5 Ne4 4. Nxe4 dxe4 5. d4 exd3 6. Bxd3 Qd5 7. Nf3 Bg4 8. Bf4 Bxf3 9. gxf3 Nc6 10. Be4 Qxd1+ 11.
Rxd1 e6 12. Ke2 Be7 13. Rhg1 g6 14. c3 Rd8 15. b4 Rd7 16. Rxd7 Kxd7 17. Rd1+ Kc8 18.
b5 Na5 19. Be3 Rd8 20. Rh1 Nc4 21. Bd4 Nb6 22. h4 h5 23. Ra1 Nd5 24. a4 Nf4+ 25. Kf1 Bxh4 26. Bxa7 Rd2 27. Be3 Rb2 28. Bxf4 Rxf2+ 29. Kg1 Rb2 30. Bd3 g5 31. Be3 g4 32.
fxg4 hxg4 33. a5 Bg3 34. a6 1-0

[Event "Live Chess"]
[Site "Chess.com"]
[Date "2024.06.01"]
[Round "-"]
[White "yarek"]
[Black "willc-h99"]
[Result "0-1"]
[WhiteElo "1732"]
[BlackElo "2642"]
[TimeControl "300"]
[EndTime "10:48:36 PDT"]
[Termination "willc-h99 won on time"]

1. e4 g6 2. d4 Bg7 3. Be3 a6 4. f4 c6 5. Nf3 d5 6. e5 Bg4 7. Be2 Nh6 8. O-O Nf5 9. Bf2 e6 10. h3 Bxf3 11. Bxf3 h5 12. Nd2 Nd7 13. c4 h4 14. cxd5 cxd5 15. Nb3 Bf8 16. Nc5 Nxc5 17. dxc5 Be7 18. Qa4+ Qd7 19. Qa5 O-O 20. Rfd1 Rfc8 21. b4 Bd8 22. Qa3 a5 23. Qb2 axb4 24. Qxb4 Ra4 25.
Qd2 Ba5 26. Qc1 Qb5 27. Rb1 Qa6 28. Rb2 Rc4 29. Qb1 Rc7 30. Be2 Bc3 31. Bxc4 Qxc4 32. Rxb7 Rxc5 33. Rb8+ Kg7 34. Qb7 Qxf4 35. Qa8 Bxe5 36.
Rg8+ Kh7 37. Bxc5 d4 38. Bxd4 Bxd4+ 39. Rxd4 Qxd4+ 40. Kh2 Qf4+ 41. Kg1 Qd4+ 42. Kh2 Ng3 0-1

[Event "Live Chess"]
[Site "Chess.com"]
[Date "2024.06.01"]
[Round "-"]
[White "WilliamofOrange16th"]
[Black "WelshTiger"]
[Result "0-1"]
[WhiteElo "1943"]
[BlackElo "2535"]
[TimeControl "300"]
[EndTime "10:49:10 PDT"]
[Termination "WelshTiger won by resignation"]

1. e4 c5 2. Nc3 e6 3. g3 Nc6 4.
Bg2 g6 5. d3 Bg7 6. Be3 d6 7. Qd2 h6 8. h4 Nge7 9. h5 g5 10. f4 gxf4 11. gxf4 f5 12. Nge2 Nd4 13. Nd1 Nxe2 14. Qxe2 Rg8 15. Bh3 Bd7 16. c3 Qa5 17.
Bd2 Qa6 18. Nf2 O-O-O 19. Be3 Bf6 20. d4 Qxe2+ 21. Kxe2 cxd4 22. cxd4 Bc6 23. Rhc1 Kb8 24. e5 Bh4 25. a4 Nd5 26. Bd2 Rg3 27. Rh1 Rb3 28.
Ra2 Nb4 29. Bxb4 Rxb4 30. Nd3 Rxd4 31. Bxf5 Bxh1 0-1

[Event "Live Chess"]
[Site "Chess.com"]
[Date "2024.06.01"]
[Round "-"]
[White "SirGerhard"]
[Black "matt1979"]
[Result "1-0"]
[WhiteElo "2771"]
[BlackElo "1363"]
[TimeControl "300"]
[EndTime "10:49:22 PDT"]
[Termination "SirGerhard won by resignation"]

1. d4 e6 2. e4 d5 3. Nd2 Nf6 4. e5 Nfd7 5. Bd3 c5 6. c3 Nc6 7. Ne2 Qb6 8. Nf3 cxd4 9. cxd4 Bb4+ 10. Bd2 Bxd2+ 11. Qxd2 O-O 12. O-O f6 13. exf6 Nxf6 14.
Nc3 Bd7 15. Rae1 Nb4 16. Bb1 Rac8 17. a3 Nc6 18. Na4 Qc7 19. Nc5 Rfe8 20. b4 b6 21. Nxd7 Qxd7 22. Bd3 Ne7 23. Ne5 Qd6 24. g3 Nc6 25.
Bb5 Nxe5 26. dxe5 Qe7 27. exf6 Qxf6 28. Bxe8 Rxe8 29. Re3 Rf8 30. Rfe1 1-0

[Event "Live Chess"]
[Site "Chess.com"]
[Date "2024.06.01"]
[Round "-"]
[White "road2gm5000"]
[Black "WeakOldFinished"]
[Result "0-1"]
[WhiteElo "1079"]
[BlackElo "1636"]
[TimeControl "300"]
[EndTime "10:49:51 PDT"]
[Termination "WeakOldFinished won by resignation"]

1. Nf3 Nf6 2. d4 g6 3. Bg5 Bg7 4. c4 O-O 5. e3 d6 6. Nc3 c5 7. Be2 Bf5 8. O-O Ne4 9. Nxe4 Bxe4 10. Nd2 Bf5 11. Nb3 cxd4 12. Nxd4 Bd7 13. Rc1 Nc6 14.
b3 Re8 15. Bg4 Bxg4 16. Qxg4 Qa5 17. Rc2 h5 18. Qg3 Rac8 19. h4 Nxd4 20. exd4 Bxd4 21.
Qf3 Qb6 22. Rd2 Bg7 23. Be3 Qc6 24. Qxc6 bxc6 25. Bxa7 c5 26. Bb6 Rc6 27. Ba5 Ra8 28. b4 Bc3 29. Rc2 cxb4 30. Rxc3 bxc3 31. Bxc3 Rxa2 32. Bd4 Rxc4 33. Be3 Rca4 34. Kh2 f6 35. Rc1 Kf7 36. Rc7 Rxh4+ 37. Kg3 Re4 38. Kf3 Re6 39. Bh6 g5 40. Rc8 Ra3+ 0-1